 Dungeon Crawl Stone Soup version 0.30.1-9-gdf580d7c3d (webtiles) character file.

Game seed: 9177905266926225986

21 Chiseanne the Sneak (level 2, -1/21 (24) HPs)
             Began as a Demonspawn Delver on Oct 3, 2023.
             Was an Initiate of Gozag.
             Slain by a necrophage (3 damage)
             ... on level 4 of the Dungeon.
             The game lasted 00:04:02 (701 turns).

Chiseanne the Sneak (Demonspawn Delver)              Turns: 701, Time: 00:04:03

HP:   -1/21 (24)    AC:  6    Str: 12    XL:     2   Next: 65%
MP:   2/2           EV:  9    Int: 20    God:    Gozag
Gold: 44            SH:  0    Dex: 14    Spells: 1/1 levels left

rFire   . . .        a - +1 hand axe
rCold   . . .        (no shield)
rNeg    . . .        c - +0 scale mail of Gluttony {Int+3}
rPois   .            (no helmet)
rElec   .            (no cloak)
rCorr   .            (no gloves)
SInv    .            (no boots)
Will    .....        (no amulet)
Stlth   +            d - +6 ring of intelligence
HPRegen 0.23/turn    (no ring)
MPRegen 0.08/turn

%: no passive effects
@: heavily drained
A: ignite blood 1
a: Renounce Religion, Potion Petition, Call Merchant, Bribe Branch


You were on level 4 of the Dungeon.
You worshipped Gozag.
Gozag was noncommittal.
You visited 1 branch of the dungeon, and saw 3 of its levels.

You collected 77 gold pieces.
You paid 33 gold pieces to Gozag.

Inventory:

Hand Weapons
 a - a +1 hand axe (weapon)
Missiles
 b - 5 stones
 f - 5 boomerangs
 h - 6 atropa-tipped darts
 i - 7 poisoned darts (quivered)
Armour
 c - the +0 scale mail of Gluttony (worn) {Int+3}
   (You found it on level 4 of the Dungeon)

   Int:       It affects your intelligence (+3).
Jewellery
 d - a +6 ring of intelligence (left hand)
Wands
 g - a wand of digging (3)
Scrolls
 e - a scroll of magic mapping


   Skills:
 * Level 3.3 Fighting
 - Level 1.7 Axes
 * Level 1.1 Armour
 * Level 2.2 Dodging
 - Level 4.5 Stealth


You had one spell level left.
You didn't know any spells.
Your spell library contained the following spells:

 Spells                   Type           Power      Damage    Failure   Level
 Ice Form                 Ice/Tmut       0%         N/A       100%        4
 Eringya's Noxious Bog    Tmut/Pois      0%         N/A       100%        6
 Statue Form              Tmut/Erth      0%         N/A       100%        6


Dungeon Overview and Level Annotations

Branches:
Dungeon (5/15)
 Temple: D:4-7

Altars:
Dithmenos
Gozag
Makhleb
Okawaru
Sif Muna
Yredelemnul

Annotations:
D:4 Blork the orc, Edmund, Sigmund


Innate Abilities, Weirdness & Mutations

Your demonic aura sometimes causes spilled blood to erupt in flames.


Message History

The necrophage is moderately damaged.
The necrophage hits you.
You closely miss the necrophage.
The necrophage is moderately damaged.
The necrophage hits you.
You hit the necrophage but do no damage.
You punch the necrophage.
The necrophage is moderately damaged.
The necrophage hits you.
You hit the necrophage.
The necrophage is heavily damaged.
The necrophage hits you.
You feel drained.
You hit the necrophage.
The necrophage is heavily damaged.
The necrophage misses you.
The necrophage hits you but does no damage.
You aren't carrying any potions.
You hit the necrophage but do no damage.
The necrophage is heavily damaged.
The necrophage closely misses you.
Unknown command.
You hit the necrophage.
The necrophage is heavily damaged.
The necrophage barely misses you.
You hit the necrophage.
The necrophage is severely damaged.
The necrophage hits you but does no damage.
The necrophage hits you.
You feel drained.
You hit the necrophage.
The necrophage is severely damaged.
The necrophage hits you but does no damage.
You closely miss the necrophage.
The necrophage is severely damaged.
The necrophage hits you.
* * * LOW HITPOINT WARNING * * *
You hit the necrophage.
The necrophage is almost destroyed.
The necrophage hits you.
You die...
Your body crumbles into a pile of gold.

#..#...#####.# ##...........#
##....#....#####
##....##....##.P.
##)..####....#... ##..###
#....##.. #..## ##
#....###### ##..#..####.....#
#. ##@nZ..# #.....# #.
##############.._∩##.....###.
#...........# #..###.........
#.########### ### ##.#####..
#.# ... #.# #.. #.# #.# #.#
#.# #.. #.# #.# #.#.#.# #.#
#.. #.# #.# #.#.#.###.# #..
#.# #.# #.#.#.#...# #..


You could see a necrophage and a hound skeleton.

Vanquished Creatures
  An adder (D:5)
  An orc (D:5)
  2 goblins (D:4)
  A hobgoblin (D:4)
  A quokka (D:5)
  4 ball pythons (D:4)
  A kobold (D:4)
11 creatures vanquished.

Notes
Turn   | Place    | Note
-------+----------+-------------------------------------------
     0 | D:5      | Chiseanne the Demonspawn Delver began the quest for the
                  | Orb.
     0 | D:5      | Reached XP level 1. HP: 18/18 MP: 1/1
     1 | D:5      | Noticed a sleepcap
    37 | D:4      | Found a shadowy altar of Dithmenos.
    63 | D:4      | Noticed Blork the orc
   103 | D:4      | Found an opulent altar of Gozag.
   107 | D:4      | Found an iron altar of Okawaru.
   118 | D:4      | Noticed Sigmund
   119 | D:4      | Identified the +0 scale mail of Gluttony {Int+3}
   203 | D:4      | Noticed Edmund
   236 | D:5      | Gained mutation: Your demonic aura sometimes causes spilled
                  | blood to erupt in flames. [demonic ancestry]
   236 | D:5      | Reached XP level 2. HP: 22/24 MP: 2/2
   271 | D:5      | Reached skill level 1 in Armour
   428 | D:4      | Became a worshipper of Gozag Ym Sagoz the Greedy
   481 | D:4      | Found a shimmering blue altar of Sif Muna.
   536 | D:4      | Found a basalt altar of Yredelemnul.
   658 | D:4      | Got the Directory of Congelation and the Shift
   687 | D:4      | Found a burning altar of Makhleb.
   687 | D:4      | Noticed a necrophage
   701 | D:4      | Slain by a necrophage

Illustrated notes

Levels and vault maps discovered:
D:3:      layout_basic, nicolae_overflow_hidden_temple,
          nicolae_ru_great_annihilating_truth, minmay_misc_feat_chi,
          saegor_snake_ambush, uniq_ijyb
D:4:      layout_basic, nicolae_dithmenos_through_a_glass_darkly,
          grunt_temple_overflow_open, makhleb_blood_cavern_becter,
          mainiacjoe_overflow_catch_the_wave, serial_aquarium,
          aquarium_bridge_square [aquarium_subvault_bridge,
          aquarium_subvault_bridge, aquarium_subvault_bridge,
          aquarium_subvault_wall], aquarium_window_fake,
          aquarium_window_corridor_1, aquarium_window_1, aquarium_window_corner,
          aquarium_view_2e, aquarium_balcony_1b, aquarium_pool_side,
          uniq_blork_the_orc, uniq_edmund, uniq_sigmund
D:5:      layout_basic, grunt_temple_overflow_growth_and_decay

Skill      XL: |  1  2 |
---------------+-------+-----
Dodging        | 2 |  2.2
Armour         | 1 |  1.1
Fighting       | |  3.3
Axes           | |  1.7
Stealth        | |  4.5

Action                     || total
---------------------------++-------
  Melee: Hand axe          ||    62
         Punch             ||     1
    Use: Scroll            ||     7
         Potion            ||     2
 Armour: Scale mail        ||    32
  Dodge: Dodged            ||    45
